 Dungeon Crawl Stone Soup version 0.24.0-10-g970556be89 (webtiles) character file.

Game seed: 5545226715209687382, levelgen mode: deterministic

329 Curus the Twirler (level 6, 0/35 HPs)
             Began as a Gargoyle Gladiator on Nov 4, 2019.
             Was an Initiate of Okawaru.
             Slain by Grinder (3 damage)
             ... on level 3 of the Dungeon.
             The game lasted 00:18:33 (2875 turns).

Curus the Twirler (Gargoyle Gladiator)              Turns: 2875, Time: 00:18:34

Health: 0/35       AC: 12    Str: 15 (18) XL:     6   Next: 50%
Magic:  6/6        EV: 12    Int:  5 (8)  God:    Okawaru [......]
Gold:   180        SH:  0    Dex: 10 (13) Spells: 5/5 levels left

rFire    . . .     SeeInvis .   a - +0 quarterstaff
rCold    . . .     Gourm    .   (shield currently unavailable)
rNeg     + . .     Faith    .   g - +0 scale mail
rPois    ∞         Spirit   .   c - +1 helmet
rElec    +         Reflect  .   (no cloak)
rCorr    .         Harm     .   (no gloves)
MR       .....                  (no boots)
Stlth    ..........             (no amulet)
HPRegen  0.11/turn              h - +2 ring of evasion
MPRegen  0.10/turn              (no ring)

@: no status effects
A: negative energy resistance 1, electricity resistance, unbreathing,
petrification resistance, rot immunity, AC +4
a: Renounce Religion


You were on level 3 of the Dungeon.
You worshipped Okawaru.
Okawaru was noncommittal.
You were hungry.

You visited 1 branch of the dungeon, and saw 3 of its levels.

You collected 180 gold pieces.

Inventory:

Hand Weapons
 a - a +0 quarterstaff (weapon)
Missiles
 d - 3 throwing nets (quivered)
Armour
 b - a +0 leather armour
 c - a +1 helmet (worn)
 g - a +0 scale mail (worn)
Jewellery
 h - a +2 ring of evasion (left hand)
Wands
 m - a wand of iceblast (5)
Scrolls
 e - 2 scrolls of identify
 l - a scroll of teleportation
Potions
 i - a potion of agility
 j - a potion of degeneration
 k - a potion of curing
Comestibles
 f - 8 rations


   Skills:
 - Level 2.1 Fighting
 + Level 7.1 Staves
 - Level 1.7 Throwing
 - Level 2.4 Dodging


You had 5 spell levels left.
You didn't know any spells.
Your spell library was empty.

Dungeon Overview and Level Annotations

Branches:
Dungeon (3/15)

Altars:
Hepliaklqana
Okawaru
Qazlal
Uskayaw
Wu Jian
Xom
Yredelemnul
Zin

Annotations:
D:3 Grinder


Innate Abilities, Weirdness & Mutations

You are resistant to torment.
Your stone body is resilient. (AC +4)
You are immune to poison.
You resist negative energy. (rN+)
You are resistant to electric shocks. (rElec)
You can survive without breathing.
You are immune to petrification.
You are immune to rotting.


Message History

Grinder is almost dead.
Grinder hits you.
You writhe in agony.
You hit Grinder.
Grinder is almost dead.
Grinder blinks!
Grinder gestures at you.
You suddenly lose the ability to move!
Grinder blinks!
You can move again.
Unknown command.
Grinder gestures at you. You resist with significant effort. Grinder hits you.
* * * LOW HITPOINT WARNING * * *
You hit Grinder but do no damage.
Grinder is almost dead.
Grinder hits you.
* * * LOW HITPOINT WARNING * * *
You writhe in agony.
You die...

.........[..## #........#
.............#####........#####
...._.....<......##.........<...
...#####..........##........#####
...#...#..........##........#
...#...#..........####.###### ##
...#..A#............##.# ##.
#..#####..........#....### ##..
#...._..........@5####...#####..#
#................##...#....)....
######.#........###.#####.......
#.#####.####≈#'#≈###....... #.#
#.####_..._##........ #.#
#.#..#########....... #†#
#...#..## #.......
#####†#####..#....## ####.###
#........#.....##..# #.# #


You could see Grinder.

Vanquished Creatures
  Sigmund (D:3)
  Robin (D:3)
  4 adders
  3 worms
  4 dart slugs
  3 leopard geckos
  5 orcs (D:3)
  4 giant cockroaches
  12 hobgoblins
  7 jackals (D:3)
  3 quokkas
  10 bats
  3 frilled lizards
  14 goblins
  7 kobolds
  8 rats
89 creatures vanquished.

Notes
Turn   | Place    | Note
-------+----------+-------------------------------------------
     0 | D:1      | Curus the Gargoyle Gladiator began the quest for the Orb.
     0 | D:1      | Reached XP level 1. HP: 12/12 MP: 1/1
   146 | D:1      | Reached XP level 2. HP: 12/17 MP: 2/2
   660 | D:1      | Reached skill level 4 in Staves
   844 | D:1      | Reached XP level 3. HP: 21/21 MP: 3/3
  1213 | D:2      | Reached XP level 4. HP: 18/26 MP: 4/4
  1228 | D:2      | Reached skill level 5 in Staves
  1510 | D:2      | Found an ornate altar of the Wu Jian Council.
  1510 | D:2      | Found a basalt altar of Yredelemnul.
  1511 | D:2      | Found a hide-covered altar of Uskayaw.
  1618 | D:2      | Found a hazy altar of Hepliaklqana.
  1761 | D:3      | Noticed Grinder
  1784 | D:3      | Found a glowing silver altar of Zin.
  1784 | D:3      | Found a shimmering altar of Xom.
  1784 | D:3      | Noticed an angel
  1846 | D:3      | Noticed Robin
  1865 | D:3      | Reached XP level 5. HP: 22/30 MP: 5/5
  1882 | D:3      | Killed Robin
  2080 | D:3      | Paralysed by Grinder for 3 turns
  2147 | D:3      | Noticed Sigmund
  2168 | D:3      | Killed Sigmund
  2168 | D:3      | Reached skill level 6 in Staves
  2168 | D:3      | Reached XP level 6. HP: 10/35 MP: 6/6
  2433 | D:3      | Reached skill level 7 in Staves
  2600 | D:3      | Found a faded altar of an unknown god.
  2675 | D:3      | Found a stormy altar of Qazlal.
  2675 | D:3      | Found an iron altar of Okawaru.
  2678 | D:3      | Became a worshipper of Warmaster Okawaru
  2699 | D:3      | Paralysed by Grinder for 6 turns
  2870 | D:3      | Paralysed by Grinder for 3 turns
  2875 | D:3      | Slain by Grinder

Levels and vault maps discovered:
D:1:      lightli_arrival_chessboard, layout_basic
D:2:      minmay_angry_zag, layout_rooms, nicolae_overflow_quartered_altars,
          first_ration, minmay_joined_circles
D:3:      layout_rooms, grunt_temple_overflow_order_and_chaos_1,
          gammafunk_temple_overflow_elements,
          chequers_ecumenical_altar_simple_redux, minmay_vboxes, uniq_sigmund,
          uniq_grinder, uniq_robin

Skill      XL: |  1  2  3  4  5  6 |
---------------+-------------------+-----
Staves         | 4 5 6 7 |  7.1
Fighting       | |  2.1
Throwing       | |  1.7
Dodging        | |  2.4

Action                   |  1- 3 |  4- 6 || total
-------------------------+-------+-------++-------
Melee: Quarterstaff      |   127 |   200 ||   327
  Use: Scroll            |     4 |     3 ||     7
       Potion            |     5 |     3 ||     8
  Eat: Chunk             |     1 |     5 ||     6
Armor: Leather armour    |    26 |       ||    26
       Scale mail        |    34 |    95 ||   129
Dodge: Dodged            |    71 |   126 ||   197
